 Dungeon Crawl Stone Soup version 0.30.0-29-ga12c61a403 (webtiles) character file.

Game seed: 502588176967800701

578 Graphine the Trooper (level 7, -2/61 HPs)
             Began as a Hill Orc Fighter on June 20, 2023.
             Slain by Prince Ribbit (6 damage)
             ... on level 5 of the Dungeon.
             The game lasted 00:06:14 (3660 turns).

Graphine the Trooper (Hill Orc Fighter)             Turns: 3660, Time: 00:06:15

Health: -2/61      AC: 11    Str: 21    XL:     7   Next: 35%
Magic:  10/10      EV:  9    Int:  8    God:
Gold:   179        SH:  7    Dex: 10    Spells: 6/6 levels left

rFire   . . .        a - +0 war axe
rCold   . . .        l - +2 buckler
rNeg    . . .        b - +0 scale mail
rPois   .            (no helmet)
rElec   .            p - +0 cloak
rCorr   .            (no gloves)
SInv    .            i - +0 pair of boots
Will    .....        (no amulet) Stlth
                     (no ring)
HPRegen 0.30/turn    (no ring)
MPRegen 0.12/turn

%: no passive effects
@: invisible
A: iridescent scales 1
a: no special abilities


You were on level 5 of the Dungeon.
You visited 1 branch of the dungeon, and saw 5 of its levels.

You collected 179 gold pieces.

Inventory:

Hand Weapons
 a - a +0 war axe (weapon)
Missiles
 k - 4 curare-tipped darts (quivered)
Armour
 b - a +0 scale mail (worn)
 i - a +0 pair of boots (worn)
 l - a +2 buckler (worn)
 p - a +0 cloak (worn)
Jewellery
 c - a ring of positive energy
 o - an amulet of magic regeneration
Wands
 e - a wand of digging (3)
 m - a wand of charming (4)
Scrolls
 g - 2 scrolls of fog
 q - a scroll of enchant armour {unknown}
Potions
 d - 2 potions of flight {unknown}
 f - a potion of degeneration
 h - a potion of curing
 n - a potion of ambrosia {unknown}


   Skills:
 + Level 5.5 Fighting
 + Level 5.1 Axes
 + Level 4.9 Armour
 + Level 5.0 Shields
 + Level 4.1 Invocations


You had 6 spell levels left.
You didn't know any spells.
Your spell library contained the following spells:

 Spells                   Type           Power      Damage    Failure   Level
 Apportation              Tloc           0%         N/A       80%         1
 Alistair's Intoxication  Tmut/Pois      0%         N/A       100%        5


Dungeon Overview and Level Annotations

Branches:
Dungeon (5/15)
 Temple: D:4-7

Altars:
Sif Muna
Trog

Shops:
D:4 :

Annotations:
D:5 Prince Ribbit


Innate Abilities, Weirdness & Mutations

You are partially covered in iridescent scales. (AC +2)


Message History

Prince Ribbit hits you!
* * * LOW HITPOINT WARNING * * *
Prince Ribbit blinks!
You block Prince Ribbit's attack.
You closely miss Prince Ribbit.
Prince Ribbit is heavily wounded.
Prince Ribbit barely misses you.
You miss Prince Ribbit.
Prince Ribbit is heavily wounded.
You block Prince Ribbit's attack.
Prince Ribbit blinks!
Prince Ribbit hops awkwardly around.
Prince Ribbit barely misses you.
You barely miss Prince Ribbit.
Prince Ribbit is heavily wounded.
You block Prince Ribbit's attack.
You closely miss Prince Ribbit.
Prince Ribbit is heavily wounded.
Prince Ribbit hits you!
* * * LOW HITPOINT WARNING * * *
Prince Ribbit blinks!
Prince Ribbit closely misses you.
You miss Prince Ribbit.
Prince Ribbit is heavily wounded.
Prince Ribbit hits you!
* * * LOW HITPOINT WARNING * * *
You closely miss Prince Ribbit.
Prince Ribbit is heavily wounded.
Prince Ribbit barely misses you. x2
You barely miss Prince Ribbit.
Prince Ribbit is heavily wounded.
Prince Ribbit hits you but does no damage.
Prince Ribbit blinks!
You feel better. Prince Ribbit hits you!
* * * LOW HITPOINT WARNING * * *
Prince Ribbit closely misses you.
You miss Prince Ribbit.
Prince Ribbit is heavily wounded.
Prince Ribbit hits you.
You die...

...............
..#.###.#######.#
..#.# #.# #.#
......#.# ###.#
..###.#.# #>..#
..# ...#####..$##
#.# #.......... #
#..
.....)..######$#
#.#.#
#..F@......#.
..... ..#
#........(..#
.#... ..#
#...#.######.
...# #.# #.###.#
.### #.# #.# #.#
.# #.# #.# #.#
.######.## #.#
#.#
.........####.#
#.#
..............#
#.#


You could see Prince Ribbit (unable to see you).

Vanquished Creatures
  A black bear (D:4)
  An ogre (D:4)
  A scorpion (D:5)
  Crazy Yiuf (D:4)
  2 hounds (D:4)
  An iguana (D:4)
  Ijyb (D:4)
  An orc wizard (D:3)
  8 adders
  A shadow imp (D:4)
  A worm (D:2)
  2 dart slugs
  10 orcs (D:3)
  3 endoplasms
  5 giant cockroaches
  9 goblins
  8 hobgoblins
  4 quokkas
  5 ball pythons
  6 bats
  3 frilled lizards
  5 kobolds
  6 rats
85 creatures vanquished.

Notes
Turn   | Place    | Note
-------+----------+-------------------------------------------
     0 | D:1      | Graphine the Hill Orc Fighter began the quest for the Orb.
     0 | D:1      | Reached XP level 1. HP: 19/19 MP: 1/1
   175 | D:1      | Reached XP level 2. HP: 27/27 MP: 2/2
   230 | D:1      | Reached skill level 1 in Invocations
   699 | D:2      | Reached XP level 3. HP: 31/32 MP: 3/3
   994 | D:2      | Found a faded altar of an unknown god.
  1213 | D:2      | Reached XP level 4. HP: 39/40 MP: 5/5
  1405 | D:3      | HP: 2/40 [orc/+0 trident (5)]
  1414 | D:3      | HP: 2/41 [orc/+0 trident (1)]
  1419 | D:3      | HP: 1/41 [orc/+0 short sword (1)]
  1426 | D:3      | Reached XP level 5. HP: 3/47 MP: 6/6
  1427 | D:3      | HP: 1/47 [orc/+0 dagger (2)]
  1949 | D:3      | Identified the +2 robe "Tecw" {rC- Int+4}
  2347 | D:3      | Found a shimmering blue altar of Sif Muna.
  2537 | D:4      | Found Unwozaq's Book Shoppe.
  2643 | D:4      | Found a bloodstained altar of Trog.
  2673 | D:4      | Reached XP level 6. HP: 32/55 MP: 8/8
  2826 | D:4      | Reached skill level 5 in Fighting
  2932 | D:4      | Noticed Ijyb
  2949 | D:4      | Killed Ijyb
  3026 | D:4      | Noticed a black bear
  3039 | D:4      | Killed a black bear
  3040 | D:4      | Reached XP level 7. HP: 23/61 MP: 9/9
  3422 | D:4      | Found a runed translucent door.
  3423 | D:4      | Noticed Crazy Yiuf
  3430 | D:4      | Killed Crazy Yiuf
  3512 | D:4      | Gained mutation: You are partially covered in iridescent
                  | scales. (AC +2) [potion of mutation]
  3514 | D:5      | Entered Level 5 of the Dungeon
  3587 | D:5      | Reached skill level 5 in Axes
  3587 | D:5      | Reached skill level 5 in Shields
  3636 | D:5      | Noticed Prince Ribbit
  3660 | D:5      | Slain by Prince Ribbit

Illustrated notes

Levels and vault maps discovered:
D:1:      psy_arrival_conway, layout_basic
D:2:      layout_basic, shapermc_ecumenical_altar_notcrosses
D:3:      layout_basic, mainiacjoe_overflow_brackets,
          ebering_ghost_reflecting_pool, st_stairs_3, corexii_corridor_pit,
          serial_bayou_lagoon_a
D:4:      layout_loops_ring, bloody_trog, serial_shops,
          nicolae_book_shop_shelving, uniq_crazy_yiuf_cottage, uniq_ijyb
D:5:      layout_loops_ring, uniq_prince_ribbit1

Skill      XL: |  1  2  3  4  5  6  7 |
---------------+----------------------+-----
Axes           | 3 4 5 |  5.1
Invocations    | 1 2 3 4 |  4.1
Fighting       | 4 5 |  5.5
Armour         | 4 |  4.9
Shields        | 4 5 |  5.0

Action                     |  1- 3 |  4- 6 |  7- 9 || total
---------------------------+-------+-------+-------++-------
  Melee: War axe           |   102 |   162 |    37 ||   301
    Use: Scroll            |     3 |     5 |     1 ||     9
         Potion            |       |     2 |     3 ||     5
   Stab: Invisible         |       |       |     1 ||     1
 Armour: Scale mail        |    65 |    86 |    12 ||   163
  Dodge: Dodged            |    46 |    91 |    19 ||   156
  Block: Buckler           |    33 |    56 |    11 ||   100
